 Dungeon Crawl Stone Soup version 0.28-a0-1555-g9ae15a6949 (webtiles) character file.

Game seed: 4768878527304251912

31 HallandMoats the Skirmisher (level 3, -5/33 HPs)
             Began as a Ghoul Monk on Jan 18, 2022.
             Slain by a worm (7 damage)
             ... on level 1 of the Dungeon.
             The game lasted 00:01:16 (1104 turns).

HallandMoats the Skirmisher (Ghoul Monk)            Turns: 1104, Time: 00:01:17

Health: -5/33      AC:  3    Str: 16    XL:     3   Next: 22%
Magic:  2/2        EV: 12    Int:  5    God:
Gold:   9          SH:  0    Dex: 11    Spells: 2/2 levels left

rFire   . . .      SeeInvis .   a - +0 hand axe
rCold   + . .      Faith    .   (no shield)
rNeg    + + +      Spirit   .   b - +0 robe
rPois   ∞          Reflect  .   (no helmet)
rElec   .          Harm     .   f - +0 cloak
rCorr   .          Rampage  .   (no gloves)
Will    .....                   (no boots)
Stlth   ++........              (no amulet)
HPRegen 0.00/turn               (no ring)
MPRegen 0.08/turn               (no ring)

@: inhibited regen
A: claws 1, cold resistance 1, negative energy resistance 3, inhibited
regeneration, torment resistance 2
a: no special abilities


You were on level 1 of the Dungeon.
You visited 1 branch of the dungeon, and saw 2 of its levels.

You collected 9 gold pieces.

Inventory:

Hand Weapons
 a - a +0 hand axe (weapon)
Armour
 b - a +0 robe (worn)
 f - a +0 cloak (worn)
Jewellery
 g - a ring of see invisible
Scrolls
 c - a scroll of fear {unknown}
 d - a scroll of brand weapon {unknown}
 e - a scroll of identify {unknown}


   Skills:
 * Level 3.8 Fighting
 * Level 3.1 Axes
 + Level 0.7 Armour
 + Level 2.9 Dodging
 - Level 2.1 Stealth


You had 2 spell levels left.
You didn't know any spells.
Your spell library was empty.

Dungeon Overview and Level Annotations

Branches:
Dungeon (2/15)

Altars:


Innate Abilities, Weirdness & Mutations

You thrive by killing the living.
You are immune to poison.
You have sharp fingernails.
Your flesh is cold resistant. (rC+)
You are immune to negative energy. (rN+++)
You do not regenerate when monsters are visible.
You are immune to unholy pain and torment.


Message History

The adder is severely wounded.
The adder bites you. The adder barely misses you.
You barely miss the adder.
The adder is severely wounded.
The adder barely misses you.
You closely miss the adder.
The adder is severely wounded.
The adder closely misses you. x2
You miss the adder.
The adder is severely wounded.
The adder bites you.
You hit the adder.
You kill the adder!
You feel better.
You have reached level 3!
Your experience leads to an increase in your attributes!
Increase (S)trength, (I)ntelligence, or (D)exterity?
You feel stronger. x2
The worm closely misses you.
There is a stone staircase leading down here.
You barely miss the worm. The worm bites you!
* * * LOW HITPOINT WARNING * * *
You slash the worm!
The worm is moderately wounded.
You barely miss the worm.
The worm is moderately wounded.
The worm bites you!
* * * LOW HITPOINT WARNING * * *
You barely miss the worm.
The worm is moderately wounded.
The worm bites you but does no damage.
You barely miss the worm.
The worm is moderately wounded.
You barely miss the worm.
The worm is moderately wounded.
The worm misses you.
You hit the worm but do no damage.
The worm is moderately wounded.
The worm bites you!
You die...

#.....................#.#.####
#######...........###..|..#
##.....###..# ##..### #
###....###..# #..######
#...........# #........
#...........# #..####..
#.........#.####........
####...####.......####..
#..w@............##..
#...##########.#.##.# #####
#.#.##.# #.#.##.# #.#.##.#
#.#.##.# #.#.##.# #.#.##.#
#.#.##.#


You could see a worm.

Vanquished Creatures
  An adder (D:1)
  A ball python (D:1)
  A bat (D:1)
  2 endoplasms (D:1)
  2 goblins (D:1)
  4 hobgoblins (D:1)
  3 jackals (D:1)
  2 kobolds (D:1)
  A quokka (D:1)
  A frilled lizard (D:1)
18 creatures vanquished.

Notes
Turn   | Place    | Note
-------+----------+-------------------------------------------
     0 | D:1      | HallandMoats the Ghoul Monk began the quest for the Orb.
     0 | D:1      | Reached XP level 1. HP: 19/19 MP: 0/0
    70 | D:1      | Reached XP level 2. HP: 7/26 MP: 1/1
   387 | D:1      | You fall into a shaft and drop 1 floor!
  1097 | D:1      | Reached XP level 3. HP: 19/33 MP: 2/2
  1104 | D:1      | Slain by a worm

Illustrated notes

Levels and vault maps discovered:
D:1:      matt_arrival_los_fun, layout_loops_ring
D:2:      cheibrodos_old_hovel, layout_rooms,
          shapermc_ecumenical_altar_mp_highgroup, minmay_circle_x

Skill      XL: |  1  2 |
---------------+-------+-----
Axes           | 3 |  3.1
Fighting       | |  3.8
Armour         | |  0.7
Dodging        | |  2.9
Stealth        | |  2.1

Action                   || total
-------------------------++-------
Melee: Hand axe          ||    74
       Punch             ||     1
Armor: Robe              ||    18
Dodge: Dodged            ||    58

Table legend: (Time is in decaauts)
 A = Elapsed time spent in this place.
 B = Non-inter-level travel time spent in this place.
 C = Inter-level travel time spent in this place.
 D = Time resting spent in this place.
 E = Time spent auto-exploring this place.
 F = Levels seen in this place.
 G = Mean time per level.
                   A        B        C        D        E       F      G
               +--------+--------+--------+--------+--------+-----+--------+
         Total |   1116 |   1101 |     15 |     37 |    861 |   2 |  558.0 |
       Dungeon |   1116 |   1101 |     15 |     37 |    861 |   2 |  558.0 |
               +--------+--------+--------+--------+--------+-----+--------+

Top non-repeatable levels by time:
     D:1: 1104 daAuts
     D:2: 12 daAuts
